AoeStats
← quentin-tardy

Black Forest

509793363Analyzed
4v4 RM · 5d ago on Sep 28, 2026· 76m 34s· 8 players
Game mode
Random Map
Map size
Large (8 player)
Population
200
Speed
Normal
Resources
Standard
Victory
Conquest
Starting age
Dark Age
Ending age
Imperial Age
RankedLock teamsTeams togetherTeam positionsShared explorationLock speedFull tech treeHidden civsTurbo modeCheats
Victory
Defeat
🇦🇷 Varangians · Argentina
984
+15
🇦🇷 Inca · Argentina
949
+17
🇦🇷 Britons · Argentina
936
+17
🇦🇷 Khmer · Argentina
791
+23
🇫🇷 Varangians · France
980
-19
🇦🇷 Byzantines · Argentina
979
-49
🇦🇷 Mongols · Argentina
938
-17
🇲🇽 Maya · Mexico
937
-17
JUANITO_METEORO
0:51 Loom
12:03 Feudal Age
19:26 Castle Age
22:24 Wheelbarrow
21:36 Town Watch
22:55 Double-Bit Axe
22:56 Horse Collar
25:47 Heavy Plow
30:27 Fortified Wall
36:22 Imperial Age
33:17 Elite Skirmisher
36:31 Thumb Ring
35:47 Crossbowman
36:20 Fletching
36:31 Padded Archer Armor
38:24 Bow Saw
40:16 Leather Archer Armor
40:46 Onager
41:55 Capped Ram
43:21 Arbalester
45:46 Siege Ram
46:36 Bodkin Arrow
51:10 Two-Man Saw
52:37 Scale Mail Armor
52:47 Forging
52:00 Eagle Warrior
53:16 Squires
53:01 Arson
52:53 Elite Eagle Warrior
54:47 Stone Mining
54:48 Gold Mining
56:11 Iron Casting
55:52 Chain Mail Armor
56:40 Ring Archer Armor
56:40 Pikeman
56:41 Man-at-Arms
57:06 Arson
59:58 Blast Furnace
59:30 Plate Mail Armor
61:00 Stone Shaft Mining
Pancito
7:25 Loom
10:00 Feudal Age
10:52 Double-Bit Axe
13:40 Horse Collar
18:41 Castle Age
18:10 Gold Mining
19:31 Wheelbarrow
19:50 Bow Saw
21:47 Gold Shaft Mining
23:05 Fletching
23:16 Padded Archer Armor
23:28 Forging
23:24 Scale Barding Armor
23:35 Heavy Plow
26:23 Town Watch
33:33 Imperial Age
32:23 Hand Cart
33:08 Bodkin Arrow
33:47 Town Patrol
34:52 Ballistics
35:19 Heavy Scorpion
38:20 Drill
37:21 Elite Mangudai
39:08 Chemistry
38:14 Murder Holes
38:37 Leather Archer Armor
39:45 Siege Engineers
39:47 Husbandry
39:57 Bloodlines
39:11 Light Cavalry
40:14 Onager
41:26 Capped Ram
42:24 Guard Tower
42:36 Bracer
43:12 Iron Casting
43:48 Conscription
43:00 Sappers
44:08 Hoardings
50:30 Siege Ram
51:34 Caravan
51:56 Chain Barding Armor
52:36 Blast Furnace
51:49 Nomads
51:21 Hussar
quentin-tardy
2:58 Loom
11:39 Feudal Age
13:02 Wheelbarrow
16:05 Castle Age
13:58 Horse Collar
14:06 Double-Bit Axe
15:31 Scale Barding Armor
28:24 Heavy Plow
28:46 Bow Saw
28:37 Gold Mining
28:48 Stone Mining
29:18 Caravan
30:19 Chain Barding Armor
31:17 Hand Cart
30:51 Loom
34:47 Imperial Age
32:03 Town Watch
33:19 Husbandry
33:29 Bloodlines
33:36 Forging
33:26 Scale Mail Armor
33:48 Chain Barding Armor
33:50 Fortified Wall
33:35 Murder Holes
34:02 Ballistics
34:23 Masonry
33:54 Treadmill Crane
34:38 Ballistics
34:30 Town Patrol
34:36 Padded Archer Armor
34:26 Fletching
35:14 Iron Casting
35:22 Stone Shaft Mining
34:26 Vendel Legacy
34:32 Light Cavalry
35:31 Cavalier
35:31 Hussar
36:14 Squires
35:59 Gambesons
35:35 Pikeman
36:01 Arson
36:55 Chain Mail Armor
37:19 Crop Rotation
37:07 Bodkin Arrow
38:13 Blast Furnace
37:28 Leather Archer Armor
38:14 Conscription
37:15 Gothikon
40:13 Two-Man Saw
38:42 Elite Varangian Guard
39:55 Plate Mail Armor
39:29 Bracer
40:05 Plate Barding Armor
39:54 Elite Jarl
43:05 Chemistry
42:01 Murder Holes
42:37 Architecture
42:33 Siege Engineers
41:58 Onager
42:54 Halberdier
44:13 Heavy Mounted Crossbowman
44:13 Cranequins
44:55 Man-at-Arms
45:04 Cranequins
46:34 Long Swordsman
50:17 Two-Handed Swordsman
50:49 Heavy Scorpion
gabrielflores2036
15:01 Feudal Age
14:51 Loom
18:57 Wheelbarrow
21:19 Man-at-Arms
21:45 Arson
22:23 Double-Bit Axe
25:02 Horse Collar
27:54 Castle Age
27:58 Crossbowman
29:03 Hand Cart
29:50 Padded Archer Armor
29:41 Fletching
31:20 Bow Saw
31:05 Gold Mining
32:41 Heavy Plow
36:48 Imperial Age
40:28 Treadmill Crane
40:44 Murder Holes
40:59 Fortified Wall
40:40 Guard Tower
41:51 Chemistry
40:37 Arrowslits
41:13 Ballistics
43:17 Arbalester
47:03 Keep
46:34 Siphons
46:41 Clinker Construction
47:17 Elite Skirmisher
48:24 Forging
48:09 Bodkin Arrow
48:15 Scale Mail Armor
48:21 Scale Barding Armor
53:37 Thumb Ring
52:53 Heavy Cavalry Archer
53:01 Cavalier
53:42 Husbandry
54:24 Hoardings
53:50 Greek Fire
57:08 Logistica
57:28 Carvel Hull
57:30 Bombard Tower
58:34 Careening
62:07 Conscription
62:44 Shipwright
Fede Pueblo
13:15 Feudal Age
13:51 Double-Bit Axe
15:14 Horse Collar
18:34 Castle Age
19:13 Stone Mining
21:16 Heavy Plow
21:37 Bow Saw
23:47 Wheelbarrow
33:59 Stone Shaft Mining
33:14 Gold Mining
34:19 Caravan
34:49 Coinage
34:44 Tusk Swords
36:09 Gold Shaft Mining
38:39 Imperial Age
37:06 Loom
37:37 Hand Cart
40:16 Elite Ballista Elephant
42:33 Double Crossbow
44:11 Chemistry
74:35 Ballistics
Gil laburante
0:34 Loom
11:35 Feudal Age
12:18 Double-Bit Axe
17:01 Castle Age
14:54 Horse Collar
19:27 Stone Mining
23:02 Bow Saw
23:11 Gold Mining
25:40 Wheelbarrow
25:59 Heavy Plow
27:04 Hand Cart
27:52 Stone Shaft Mining
28:00 Fervor
31:45 Imperial Age
30:02 Forging
29:52 Scale Mail Armor
30:12 Gambesons
30:27 Squires
30:44 Arson
31:52 Iron Casting
31:49 Elite Varangian Guard
33:39 Blast Furnace
32:54 Chain Mail Armor
33:55 Two-Man Saw
33:37 Crop Rotation
34:42 Conscription
34:31 Gothikon
35:47 Plate Mail Armor
36:30 Fortified Wall
37:20 Chemistry
39:02 Caravan
39:21 Capped Ram
40:37 Treadmill Crane
41:18 Ballistics
41:09 Masonry
40:53 Fletching
41:09 Scale Barding Armor
41:01 Siege Ram
Ajusticio giles
0:26 Loom
12:06 Feudal Age
17:50 Castle Age
15:58 Horse Collar
16:37 Double-Bit Axe
21:27 Bow Saw
21:21 Heavy Plow
31:39 Imperial Age
29:47 Gold Mining
29:48 Stone Mining
30:09 Scale Mail Armor
30:19 Forging
30:55 Padded Archer Armor
30:45 Fletching
31:11 Chain Mail Armor
31:10 Forging
31:39 Wheelbarrow
31:53 Leather Archer Armor
31:48 Andean Sling
32:37 Stone Shaft Mining
32:39 Gold Shaft Mining
33:07 Crop Rotation
32:48 Squires
33:21 Thumb Ring
33:47 Ballistics
33:28 Murder Holes
34:52 Hand Cart
34:50 Caravan
35:42 Ring Archer Armor
35:08 Bodkin Arrow
35:43 Plate Mail Armor
35:49 Iron Casting
36:44 Conscription
36:34 Fabric Shields
36:17 Champi Runner
37:19 Champi Warrior
37:45 Arson
38:18 Bracer
38:44 Elite Champi Warrior
40:35 Blast Furnace
42:51 Elite Kamayuk
56:08 Chemistry
Fedenyahu
0:34 Loom
14:33 Feudal Age
18:53 Castle Age
16:47 Horse Collar
16:56 Double-Bit Axe
19:44 Bow Saw
23:34 Gold Mining
25:12 Wheelbarrow
25:31 Town Watch
26:33 Stone Mining
27:14 Hand Cart
29:10 Heavy Plow
29:28 Town Patrol
30:49 Fletching
31:00 Padded Archer Armor
35:04 Imperial Age
33:09 Leather Archer Armor
35:20 Gold Shaft Mining
34:53 Bodkin Arrow
36:14 Conscription
35:25 Elite Longbowman
38:53 Chemistry
38:35 Ballistics
38:20 Bracer
38:51 Ring Archer Armor
40:31 Forging
40:27 Scale Barding Armor
40:39 Masonry
40:35 Siege Engineers
40:41 Fortified Wall
40:26 Murder Holes
59:05 Caravan
59:36 Coinage
59:17 Guilds
72:17 Banking
Connection lost

Rejoining the realm…

Still unreachable

The connection could not be restored.

Session expired

The server has moved on; the page needs a fresh start.